 Dungeon Crawl Stone Soup version 0.22-a0-398-g8bb545f (webtiles) character file.

31 emperorscorpion the Shield-Bearer (level 3, -5/33 HPs)
             Began as a Minotaur Fighter on May 4, 2018.
             Killed from afar by an orc wizard (8 damage)
             ... with a magic dart
             ... on level 3 of the Dungeon.
             The game lasted 00:01:02 (257 turns).

emperorscorpion the Shield-Bearer (Minotaur Fighter) Turns: 257, Time: 00:01:04

Health: -5/33      AC:  7    Str: 26    XL:     3   Next: 7%
Magic:  2/2        EV:  8    Int:  5    God:
Gold:   35         SH: 10    Dex:  9    Spells: 2/2 levels left

rFire    . . .     SeeInvis .   a - +0 war axe
rCold    . . .     Gourm    .   c - +0 shield
rNeg     . . .     Faith    .   b - +0 scale mail
rPois    .         Spirit   .   (helmet restricted)
rElec    .         Reflect  .   (no cloak)
rCorr    .         Harm     .   (no gloves)
MR       .....                  (no boots)
Stlth    ..........             (no amulet)
HPRegen  0.11/turn              (no ring)
MPRegen  0.08/turn              (no ring)

@: mighty, flying
A: retaliatory headbutt, horns 2
a: no special abilities


You were on level 3 of the Dungeon.
You were not hungry.

You visited 1 branch of the dungeon, and saw 3 of its levels.

You collected 35 gold pieces.

Inventory:

Hand Weapons
 a - a +0 war axe (weapon)
Missiles
 k - 15 bolts
Armour
 b - a +0 scale mail (worn)
 c - a +0 shield (worn)
Jewellery
 i - an uncursed ring of fire {unknown}
Scrolls
 e - a scroll of teleportation {unknown}
 h - a scroll of random uselessness {unknown}
Comestibles
 f - 5 rations
 g - a chunk of flesh


   Skills:
 + Level 4.0 Fighting
 + Level 2.6 Axes
 + Level 4.0 Armour
 + Level 0.6 Dodging
 + Level 4.2 Shields


You had 2 spell levels left.
You didn't know any spells.

Dungeon Overview and Level Annotations

Branches:
Dungeon (3/15)

Altars:

Annotations:
D:3 Grinder


Innate Abilities, Weirdness & Mutations

You reflexively headbutt those who attack you in melee.
You have a pair of horns on your head.


Message History

The orc wizard completely misses you.
You barely miss the orc wizard. You barely miss the orc.
Your shield and scale mail prevent you from hitting the orc.
You feel less confused.
The orc wizard hits you but does no damage.
The orc hits you with a club. The orc barely misses you.
You block the orc wizard's attack. The orc hits you with a club.
* * * LOW HITPOINT WARNING * * *
You block the orc wizard's attack.
You aren't carrying any potions.
The orc wizard points at you and mumbles some strange words.
The magic dart hits you!
* * * LOW HITPOINT WARNING * * *
Some of the chunks of flesh in your inventory have rotted away.
You reach down and open the large door.
You block the orc wizard's attack. The orc hits you but does no damage.
Found a stone staircase leading down.
The orc wizard points at you and mumbles some strange words.
The magic dart hits you!
You die...

...###### # ......... .
#.#.....# ### # #
#.#.....+ ..# # #.##
#.##....###.# # #....
#.........#.# #
#.....##.....##.#.######
+>....'@.....'..........
##....##oo...##.#.######
#######.o...##.#.....o.
#...)o)....##.######..
#.......#####.# #..
#.......# #.# #..
#.5........ ..# #..
#.######......# ##+ ...#
.....


You could see an orc wizard and 2 orcs.

Vanquished Creatures
  An orc wizard (D:3)
  A bat (D:1)
  A giant cockroach (D:3)
  A hobgoblin (D:1)
  2 kobolds (D:3)
  A rat (D:3)
7 creatures vanquished.

Vanquished Creatures (others)
  An orc (D:3)
1 creature vanquished.

Grand Total: 8 creatures vanquished

Notes
Turn   | Place    | Note
-------+----------+-------------------------------------------
     0 | D:1      | emperorscorpion the Minotaur Fighter began the quest for the Orb.
     0 | D:1      | Reached XP level 1. HP: 19/19 MP: 0/0
   239 | D:3      | Noticed an orc wizard
   240 | D:3      | Noticed an orc wizard
   242 | D:3      | Noticed an orc wizard
   249 | D:3      | Noticed Grinder
   250 | D:3      | Killed an orc wizard
   250 | D:3      | Reached XP level 2. HP: 19/27 MP: 1/1
   250 | D:3      | Reached XP level 3. HP: 23/33 MP: 2/2
   257 | D:3      | Killed from afar by an orc wizard

Vault maps used:
D:1:      dpeg_arrival_ratfight
D:2:      okawaru_gym_becter, kennysheep_slug_shrine
D:3:      xom_teletrap_fun, first_ration, uniq_grinder

Skill      XL: |  1 |
---------------+----+-----
Fighting       | 4 |  4.0
Armour         | 4 |  4.0
Shields        | 4 |  4.2
Axes           | |  2.6
Dodging        | |  0.6

Action                   || total
-------------------------++-------
Melee: War axe           ||    16
       Headbutt          ||     3
  Use: Potion            ||     2
Armor: Scale mail        ||    11
Dodge: Dodged            ||    10
Block: Shield            ||     6

Table legend:
 A = Spawn XP
 B = Non-spawn XP
 C = Spawn XP percentage of total XP
 D = Spawn monster count
 E = Non-spawn monster count
 F = Spawn count percentage of total count
 G = Total turns spent on level
                    A         B        C        D         E        F      G
               +---------+---------+-------+---------+---------+-------+---------
         Total |       0 |      45 |   0.0 |       0 |       7 |   0.0 |   257
               +---------+---------+-------+---------+---------+-------+---------
           D:1 |       0 |       4 |   0.0 |       0 |       2 |   0.0 |    43
           D:3 |       0 |      41 |   0.0 |       0 |       5 |   0.0 |   175
               +---------+---------+-------+---------+---------+-------+---------
